AoeStats
← Tr3vorTW

Arena

510403961Analyzed
4v4 RM · 21h ago on Sep 30, 2026· 38m 29s· 8 players
Game mode
Random Map
Map size
Large (8 player)
Population
200
Speed
Normal
Resources
Standard
Victory
Conquest
Starting age
Dark Age
Ending age
Imperial Age
RankedLock teamsTeams togetherTeam positionsShared explorationLock speedFull tech treeHidden civsTurbo modeCheats
Victory
Defeat
🇧🇷 Bengalis · Brazil
1060
+13
🇧🇷 Spanish · Brazil
1054
+13
🇧🇷 Romans · Brazil
1031
+14
🇧🇷 Jurchens · Brazil
1003
+15
🇨🇴 Britons · Colombia
998
-14
🇬🇧 Persians · United Kingdom
990
-14
🇬🇧 Slavs · United Kingdom
988
-14
🇹🇼 Varangians · Taiwan
977
-13
Gila9x
11:08 Feudal Age
12:39 Wheelbarrow
14:47 Loom
17:19 Castle Age
15:23 Double-Bit Axe
16:25 Forging
18:18 Hand Cart
18:52 Gold Mining
20:54 Fletching
23:00 Bow Saw
24:09 Elite Skirmisher
28:04 Padded Archer Armor
28:03 Pikeman
31:48 Bodkin Arrow
32:10 Leather Archer Armor
Hvide
11:22 Feudal Age
12:31 Loom
15:48 Castle Age
14:29 Double-Bit Axe
18:33 Pikeman
20:32 Sanctity
31:47 Fortified Wall
LordSakayO
10:41 Feudal Age
14:53 Castle Age
12:54 Double-Bit Axe
13:15 Horse Collar
19:35 Loom
21:13 Bow Saw
26:57 Heavy Plow
28:02 Wheelbarrow
27:11 Crossbowman
32:48 Imperial Age
30:47 Gold Mining
32:01 Hand Cart
31:46 Fletching
32:51 Arbalester
33:57 Conscription
34:21 Yeomen
33:59 Bodkin Arrow
34:17 Padded Archer Armor
34:42 Ballistics
35:32 Chemistry
37:14 Bracer
37:30 Leather Archer Armor
Tr3vorTW
11:12 Feudal Age
14:58 Castle Age
13:09 Double-Bit Axe
13:51 Horse Collar
16:24 Bow Saw
17:57 Loom
21:29 Heavy Plow
24:55 Gold Mining
24:56 Stone Mining
27:35 Stone Shaft Mining
28:07 Light Cavalry
29:52 Bloodlines
29:44 Husbandry
30:30 Forging
30:26 Scale Barding Armor
31:35 Wheelbarrow
31:19 Treadmill Crane
32:21 Iron Casting
36:49 Imperial Age
Leon Lima
8:26 Loom
11:00 Feudal Age
12:25 Feudal Age
14:36 Double-Bit Axe
14:34 Horse Collar
17:07 Castle Age
18:52 Bow Saw
18:45 Heavy Plow
29:02 Gold Mining
29:06 Stone Mining
e_noque
3:31 Loom
13:01 Feudal Age
19:36 Castle Age
17:34 Stone Mining
18:53 Forging
18:51 Scale Barding Armor
22:03 Husbandry
22:13 Double-Bit Axe
23:27 Gold Mining
24:10 Bloodlines
27:25 Iron Casting
27:12 Chain Barding Armor
31:05 Imperial Age
30:39 Fletching
37:52 Elite Steppe Lancer
guilhermevw.eng
10:49 Feudal Age
12:26 Double-Bit Axe
13:05 Gold Mining
15:56 Castle Age
14:47 Scale Mail Armor
15:51 Scale Mail Armor
17:13 Man-at-Arms
18:14 Chain Mail Armor
19:41 Forging
19:34 Long Swordsman
22:43 Squires
23:17 Pikeman
24:21 Horse Collar
25:41 Bow Saw
28:46 Gold Shaft Mining
29:26 Ballistics
41:01 Imperial Age
39:10 Wheelbarrow
mbchaves
9:56 Feudal Age
10:16 Loom
15:31 Castle Age
18:26 Double-Bit Axe
18:25 Horse Collar
22:28 Wheelbarrow
23:35 Forging
23:30 Scale Barding Armor
27:18 Light Cavalry
28:09 Bloodlines
35:57 Stone Mining
35:57 Gold Mining
36:50 Husbandry
37:17 Chain Barding Armor
37:32 Iron Casting
36:58 Scale Mail Armor
41:34 Imperial Age
Connection lost

Rejoining the realm…

Still unreachable

The connection could not be restored.

Session expired

The server has moved on; the page needs a fresh start.